 Dungeon Crawl Stone Soup version 0.29.1-1-gd02db6906a (webtiles) character file.

Game seed: 11191912880158234592

113543 Bobz the Executioner (level 16, -3/132 (136) HPs)
             Began as a Hill Orc Fighter on Sept 22, 2022.
             Was the Champion of Qazlal.
             Slain by a skeletal warrior
             ... wielding a +2 trident of freezing
              (18 damage)
             ... on level 15 of the Dungeon on Sept 28, 2022.
             The game lasted 02:18:45 (21921 turns).

Bobz the Executioner (Hill Orc Fighter)            Turns: 21921, Time: 02:18:45

HP:   -3/132 (136)  AC: 30    Str: 27    XL:     16   Next: 63%
MP:   16/16         EV: 16    Int:  4    God:    Qazlal [******]
Gold: 2116          SH: 21    Dex: 10    Spells: 15/15 levels left

rFire   + . .      SeeInvis .   a - +6 war axe (flame)
rCold   + + .      Faith    .   K - +0 kite shield
rNeg    . . .      Spirit   .   F - +1 plate armour "Hyrhed" {rC+ Stlth+}
rPois   .          Reflect  .   k - +2 helmet
rElec   .          Harm     .   V - scarf {rC+ rF+}
rCorr   .          Rampage  .   g - +1 pair of gloves
Will    +....                   l - +2 pair of boots
Stlth   ..........              n - amulet of regeneration
HPRegen 1.12/turn               i - +4 ring of evasion
MPRegen 0.15/turn               z - +4 ring of evasion

@: protected from physical damage, lightly drained, repel missiles
A: dopey 2, frail 1
a: Renounce Religion, Upheaval, Elemental Force, Disaster Area


You were on level 15 of the Dungeon.
You worshipped Qazlal.
Qazlal was exalted by your worship.
You visited 3 branches of the dungeon, and saw 22 of its levels.
You also visited: Gauntlet and Ice Cave.

You collected 2563 gold pieces.
You spent 447 gold pieces at shops.

Inventory:

Hand Weapons
 a - a +6 war axe of flaming (weapon)
Missiles
 v - a curare-tipped dart
 x - 38 poisoned darts (quivered)
Armour
 g - a +1 pair of gloves (worn)
 k - a +2 helmet (worn)
 l - a +2 pair of boots (worn)
 F - the +1 plate armour "Hyrhed" (worn) {rC+ Stlth+}
   (You found it on level 2 of the Orcish Mines)

   rC:        It protects you from cold.
   Stlth:     It makes you more stealthy.
 K - a +0 kite shield (worn)
 N - a +0 plate armour of willpower
 V - a scarf of resistance (worn)
Jewellery
 c - the ring of Ruafeakh {rF+ Str+3}
   (You found it on level 15 of the Dungeon)

   [ring of protection from fire]

   Str:       It affects your strength (+3).
   rF:        It protects you from fire.
 i - a +4 ring of evasion (left hand)
 j - a ring of see invisible
 n - an amulet of regeneration (around neck)
 t - a ring of willpower
 y - the amulet of Konurr {Faith Rampage}
   (You found it in a Gauntlet)

   [amulet of faith]

   It allows you to gain divine favour quickly.
   Rampage:   It bestows one free step when moving towards enemies.
 z - a +4 ring of evasion (right hand)
 B - a ring of protection from fire
 G - an amulet of faith
 H - an amulet of reflection
Wands
 b - a wand of charming (26)
 E - a wand of flame (12)
 J - a wand of roots (12)
 M - a wand of quicksilver (7)
 O - a wand of polymorph (3)
 P - a wand of digging (9)
 X - a wand of mindburst (1)
Scrolls
 e - 12 scrolls of teleportation
 h - 2 scrolls of brand weapon
 p - a scroll of silence
 r - 2 scrolls of magic mapping
 s - a scroll of amnesia
 I - 2 scrolls of identify
 U - a scroll of fear
 Z - a scroll of poison
Potions
 f - 10 potions of ambrosia
 m - 3 potions of brilliance
 o - 2 potions of cancellation
 q - 3 potions of haste
 u - 4 potions of flight
 C - a potion of magic
 D - 2 potions of resistance
 Q - a potion of might
Miscellaneous
 L - a phial of floods
 T - a lightning rod (4/4)


   Skills:
 + Level 16.5 Fighting
 + Level 1.3 Short Blades
 + Level 21.2 Axes
 + Level 2.3(12.1) Maces & Flails
 + Level 1.0 Throwing
 + Level 14.2 Armour
 + Level 3.7 Dodging
 + Level 1.9 Stealth
 + Level 16.1 Shields
 + Level 3.2 Evocations


You had 15 spell levels left.
You didn't know any spells.
Your spell library contained the following spells:

 Spells                   Type           Power      Damage    Failure   Level
 Foxfire                  Conj/Fire      0%         2x1d4     100%        1
 Blink                    Tloc           0%         N/A       100%        2
 Confusing Touch          Hex            0%         N/A       100%        3
 Conjure Flame            Conj/Fire      0%         6-21      100%        3
 Gell's Gravitas          Tloc           0%         N/A       100%        3
 Inner Flame              Hex/Fire       0%         N/A       100%        3
 Teleport Other           Tloc           0%         N/A       100%        3
 Animate Dead             Necr           0%         N/A       100%        4
 Flame Wave               Conj/Fire      0%         2d4       100%        4
 Fulminant Prism          Conj/Hex       0%         3d6       100%        4
 Iskenderun's Mystic Bla  Conj/Tloc      0%         2d3       100%        4
 Fireball                 Conj/Fire      0%         3d3       100%        5
 Lee's Rapid Deconstruct  Erth           0%         3d5*      100%        5
 Manifold Assault         Tloc           0%         N/A       100%        5
 Yara's Violent Unravell  Hex/Tmut       0%         3d3       100%        5
 Conjure Ball Lightning   Conj/Air       0%         3x3d6     100%        6
 Dispersal                Tloc           0%         N/A       100%        6
 Starburst                Conj/Fire      0%         6d3       100%        6
 Enfeeble                 Hex            0%         N/A       100%        7
 Haunt                    Necr/Summ      0%         N/A       100%        7
 Storm Form               Tmut/Air       0%         N/A       100%        7
 Discord                  Hex            0%         N/A       100%        8
 Disjunction              Tloc           0%         N/A       100%        8
 Ignition                 Fire           0%         3d3       100%        8
 Infestation              Necr           0%         N/A       100%        8


Dungeon Overview and Level Annotations

Branches:
Dungeon (15/15)            Temple (0/1) D:7            Lair (5/5) D:8
 Shoals (0/4) Lair:3        Snake (0/4) Lair:2        Slime (0/5) Lair:5
    Orc (2/2) D:11            Elf (0/3) Orc:2        Vaults (0/5) D:13
  IceCv (visited)         Gauntlet (visited)
 Depths: D:15

Altars:
Cheibriados
Dithmenos
Elyvilon
Fedhas
Hepliaklqana
Makhleb
Qazlal
Sif Muna
Vehumet
Wu Jian
Xom
Yredelemnul
Zin
The Shining One
Beogh
Lugonu

Shops:
D:5 =   D:6 *   D:8 *   D:11 (   Orc:1 :   Orc:2 [=([

Portals:
Abyss: Lair:5

Annotations:
Lair:1 exclusion: oklob plant
Lair:5 1 runed translucent door


Innate Abilities, Weirdness & Mutations

You are very dopey. (Int -4)
You are frail. (-10% HP)


Message History

You burn the spriggan berserker skeleton.
You destroy the spriggan berserker skeleton!
Qazlal accepts your kill. The caustic shrike zombie misses you.
You block the skeletal warrior's attack.
You block the caustic shrike zombie's attack.
You slice the caustic shrike zombie!! You burn the caustic shrike zombie!
The caustic shrike zombie is almost destroyed.
The caustic shrike zombie closely misses you.
You block the skeletal warrior's attack.
The caustic shrike zombie claws you!
* * * LOW HITPOINT WARNING * * *
You feel more protected from physical attacks.
You feel better.
The caustic shrike zombie claws you but does no damage.
You block the skeletal warrior's attack.
You block the caustic shrike zombie's attack.
The skeletal warrior is struck by lightning.
The skeletal warrior barely misses you.
You block the caustic shrike zombie's attack.
You slash the caustic shrike zombie! You burn the caustic shrike zombie.
The caustic shrike zombie is almost destroyed.
You feel yourself speed up. The caustic shrike zombie claws you!
* * * LOW HITPOINT WARNING * * *
You feel more protected from physical attacks.
The caustic shrike zombie claws you but does no damage.
You block the skeletal warrior's attack.
The skeletal warrior hits you from afar with a +0 trident!
* * * LOW HITPOINT WARNING * * *
You slash the caustic shrike zombie! You burn the caustic shrike zombie.
You destroy the caustic shrike zombie!
Qazlal accepts your kill.
You block the skeletal warrior's attack.
The skeletal warrior is engulfed in freezing vapours.
The skeletal warrior hits you but does no damage.
The skeletal warrior is engulfed in freezing vapours.
There is a stone staircase leading up here.
The skeletal warrior hits you from afar with a +2 trident of freezing!!
You die...

....# .# # ....8.....
....##.# ###. #..$..8...
..<....# ...# #.#°.#...#
......# #####.###.#[...#
........ ......○..)...#
##.######.........z.#####
..........####.#☼z..°....#
...#########..☼..○.°.....#
........## #....@°§#######
#######..###..○§○.##
##..........# #####......#
#......# #......# #......#
#......# #......#


You could see 2 skeletal warriors.

Vanquished Creatures
  Gastronok (D:12)
  3 orc warlords (Orc:2)
  A caustic shrike zombie (D:15)
  A very ugly thing (D:14)
  A quicksilver ooze (Gauntlet)
  The ghost of enotiy the Carver, a journeyman MiFi of Okawaru (D:12)
  Fannar (D:12)
  An ice dragon (D:14)
  A rakshasa (D:14)
  12 hydras
  6 boulder beetles
  6 two-headed ogres
  9 centaur warriors
  5 death yaks (Lair:5)
  A vampire mage (D:15)
  A deep troll earth mage (D:13)
  3 thrashing horrors (Lair:5)
  2 orc high priests (Orc:2)
  5 skeletal warriors (D:13)
  2 wizards
  2 necromancers
  5 orc knights
  4 orc sorcerers
  2 manticores
  A wolf spider zombie (D:12)
  9 cyclopes
  17 ugly things
  A salamander (shapeshifter) (Lair:5)
  A cyclops (shapeshifter) (D:13)
  Maurice (Orc:1)
  10 centaur zombies (D:12)
  12 elephants
  4 black mambas
  3 smoke demons (Lair:5)
  3 gargoyles
  Psyche (D:9)
  A freezing wraith (D:14)
  15 komodo dragons
  5 large abominations
  8 cane toads
  2 kobold demonologists (D:12)
  3 efreet
  3 rime drakes
  3 ancient zymes (Lair:5)
  7 trolls
  A queen bee (Lair:1)
  6 hornets
  A tyrant leech (Gauntlet)
  Grinder (D:4)
  A slime creature (shapeshifter) (D:13)
  14 blink frogs
  A centaur simulacrum (D:14)
  3 spriggans
  A wyvern (D:8)
  3 shadows
  7 wraiths
  A wyvern (shapeshifter) (Lair:5)
  A dire elephant simulacrum (IceCv)
  A spriggan skeleton (D:15)
  2 ynoxinuls (Lair:5)
  3 vampires
  51 yaks
  A basilisk (shapeshifter) (D:14)
  5 basilisks
  4 steam dragons
  13 vampire mosquitoes
  Menkaure (D:6)
  A chaos spawn (Lair:5)
  3 nagas (Lair:2)
  19 small abominations
  5 wargs
  3 swamp worms (Gauntlet)
  3 acid dragons
  15 water moccasins
  An ice beast (D:7)
  4 black bears
  42 orc warriors
  An alligator simulacrum (IceCv)
  9 ogres
  17 wolves
  16 centaurs
  2 kobold brigands
  5 bullfrogs
  2 earth elementals (D:13)
  A gnoll sergeant (D:11)
  A necrophage (D:5)
  3 scorpions
  13 wights
  26 killer bees
  4 crimson imps (D:3)
  A howler monkey (D:5)
  4 hounds
  25 orc priests
  A quasit (D:6)
  2 jellies
  2 gnoll boudas
  A boggart zombie (D:12)
  33 orc wizards
  7 adders
  12 gnolls
  3 shadow imps (D:6)
  5 white imps
  2 ufetubi (D:6)
  A worm (D:5)
  2 dart slugs (D:4)
  123 orcs
  8 endoplasms
  A giant cockroach (D:4)
  14 goblins
  9 hobgoblins
  11 jackals
  2 quokkas (D:2)
  10 ball pythons
  4 frilled lizards
  12 kobolds
  4 rats
803 creatures vanquished.

Vanquished Creatures (others)
  An orc wizard (D:8)
  A bush (Lair:5)
  9 demonic plants
  33 fungi
  40 plants
  5 withered plants (D:15)
89 creatures vanquished.

Grand Total: 892 creatures vanquished

Notes
Turn   | Place    | Note
-------+----------+-------------------------------------------
     0 | D:1      | Bobz the Hill Orc Fighter began the quest for the Orb.
     0 | D:1      | Reached XP level 1. HP: 19/19 MP: 1/1
   424 | D:1      | Reached XP level 2. HP: 18/27 MP: 2/2
   509 | D:1      | Reached skill level 3 in Axes
  1169 | D:2      | Found a shimmering blue altar of Sif Muna.
  1297 | D:2      | Found a stormy altar of Qazlal.
  1306 | D:2      | Became a worshipper of Qazlal Stormbringer
  1330 | D:2      | Reached XP level 3. HP: 33/33 MP: 3/3
  2093 | D:2      | Reached XP level 4. HP: 38/40 MP: 4/4
  2323 | D:3      | Reached skill level 4 in Axes
  2608 | D:3      | Reached * piety under Qazlal
  2619 | D:3      | Found a shimmering altar of Xom.
  2634 | D:3      | Reached XP level 5. HP: 46/46 MP: 5/5
  2650 | D:3      | Reached skill level 1 in Short Blades
  2819 | D:3      | Found a faded altar of an unknown god.
  3059 | D:3      | Reached skill level 5 in Axes
  3059 | D:3      | Reached XP level 6. HP: 44/53 MP: 4/6
  3389 | D:4      | Reached skill level 1 in Dodging
  3398 | D:4      | Reached ** piety under Qazlal
  3520 | D:4      | Noticed Grinder
  3521 | D:4      | Noticed a black bear
  3529 | D:4      | Paralysed by Grinder for 4 turns
  3535 | D:4      | Killed a black bear
  3547 | D:4      | Killed Grinder
  3548 | D:4      | Reached skill level 6 in Axes
  3548 | D:4      | Reached skill level 5 in Armour
  3548 | D:4      | Reached XP level 7. HP: 34/60 MP: 7/7
  3664 | D:4      | Found a white marble altar of Elyvilon.
  3847 | D:4      | Found a snail-covered altar of Cheibriados.
  3931 | D:5      | Entered Level 5 of the Dungeon
  3938 | D:5      | Reached skill level 7 in Axes
  4002 | D:5      | Reached skill level 5 in Fighting
  4015 | D:5      | Reached skill level 8 in Axes
  4015 | D:5      | Reached XP level 8. HP: 46/68 MP: 8/8
  4288 | D:5      | Found an ornate altar of the Wu Jian Council.
  4390 | D:5      | Found Zoix's Jewellery Shoppe.
  4551 | D:5      | Reached skill level 9 in Axes
  4625 | D:5      | Found a basalt altar of Yredelemnul.
  4627 | D:5      | Found a glowing silver altar of Zin.
  4628 | D:5      | Found a radiant altar of Vehumet.
  4910 | D:6      | Found Quchir's Gadget Gallery.
  4916 | D:6      | Bought a wand of flame (7) for 63 gold pieces
  4935 | D:6      | Reached skill level 5 in Shields
  4952 | D:6      | Noticed Menkaure
  4968 | D:6      | Killed Menkaure
  4969 | D:6      | Reached XP level 9. HP: 62/74 MP: 9/9
  4981 | D:6      | HP: 3/74 [orc warrior/+0 hand axe (3)]
  5035 | D:6      | Reached *** piety under Qazlal
  5175 | D:6      | Reached skill level 10 in Axes
  5543 | D:7      | Reached skill level 11 in Axes
  5603 | D:7      | Noticed a hornet
  5609 | D:7      | Killed a hornet
  5673 | D:7      | Found a staircase to the Ecumenical Temple.
  5827 | D:7      | Reached skill level 1 in Throwing
  5830 | D:7      | Found a burning altar of Makhleb.
  5833 | D:7      | Noticed a blizzard demon
  5868 | D:7      | Reached skill level 12 in Axes
  5930 | D:7      | Reached XP level 10. HP: 80/86 MP: 10/10
  6578 | D:8      | Reached skill level 13 in Axes
  6590 | D:8      | Reached **** piety under Qazlal
  6638 | D:8      | Found a staircase to the Lair.
  6642 | Lair:1   | Entered Level 1 of the Lair of Beasts
  6675 | Lair:1   | Noticed a cane toad
  6685 | Lair:1   | Killed a cane toad
  6740 | Lair:1   | Reached skill level 1 in Maces & Flails
  6872 | Lair:1   | Reached skill level 14 in Axes
  6912 | Lair:1   | Reached XP level 11. HP: 80/95 MP: 11/11
  7054 | Lair:1   | Found a hazy altar of Hepliaklqana.
  7054 | Lair:1   | Noticed an oklob plant
  7079 | Lair:1   | Noticed an eight-headed hydra
  7088 | Lair:1   | Killed a five-headed hydra
  7539 | Lair:2   | Reached skill level 15 in Axes
  7573 | Lair:2   | Noticed a five-headed hydra
  7586 | Lair:2   | Killed a one-headed hydra
  7704 | Lair:2   | Reached skill level 1 in Evocations
  7708 | Lair:2   | Reached ***** piety under Qazlal
  7780 | Lair:2   | Found a staircase to the Snake Pit.
  8037 | Lair:2   | Reached skill level 10 in Fighting
  8037 | Lair:2   | Reached skill level 16 in Axes
  8523 | Lair:3   | Noticed a seven-headed hydra
  8527 | Lair:3   | Killed a four-headed hydra
  8528 | Lair:3   | Reached XP level 12. HP: 106/107 MP: 12/12
  8592 | Lair:3   | Reached skill level 1 in Stealth
  8848 | Lair:3   | Identified the +1 robe of Cuotih {Int+4}
  8931 | Lair:3   | Found a staircase to the Shoals.
  9323 | Lair:4   | Reached skill level 10 in Armour
  9536 | Lair:4   | Noticed a seven-headed hydra
  9540 | Lair:4   | Killed a four-headed hydra
  9761 | Lair:4   | Reached skill level 17 in Axes
 10630 | Lair:5   | Entered Level 5 of the Lair of Beasts
 10649 | Lair:5   | Reached skill level 10 in Shields
 10653 | Lair:5   | Reached XP level 13. HP: 80/117 MP: 13/13
 11149 | Lair:5   | Reached skill level 18 in Axes
 11197 | Lair:5   | Reached ****** piety under Qazlal
 12141 | Lair:5   | Reached XP level 14. HP: 129/129 MP: 14/14
 12264 | Lair:5   | Found a runed translucent door.
 12265 | Lair:5   | Found a staircase to the Slime Pits.
 12265 | Lair:5   | Noticed an acid blob
 12932 | Lair:5   | Found a corrupted altar of Lugonu.
 12932 | Lair:5   | Found a one-way gate to the infinite horrors of the Abyss.
 13531 | D:8      | Found Ofipp's Lightly-Used Armoury.
 13900 | D:9      | Noticed Psyche
 13907 | D:9      | Killed Psyche
 14115 | D:9      | Found a stormy altar of Qazlal.
 14208 | D:9      | Found a glowing golden altar of the Shining One.
 14776 | D:10     | Entered Level 10 of the Dungeon
 14971 | D:10     | Found a shadowy altar of Dithmenos.
 15744 | D:11     | Found a gate leading to a gauntlet.
 15768 | Gauntlet | Entered a Gauntlet
 15768 | Gauntlet | Found a transporter.
 15775 | Gauntlet | Found a transporter.
 15779 | Gauntlet | Found a transporter.
 15790 | Gauntlet | Found a transporter.
 15791 | Gauntlet | Found a transporter.
 15799 | Gauntlet | Found a transporter.
 15803 | Gauntlet | Found a transporter.
 15807 | Gauntlet | Noticed a quicksilver ooze
 15814 | Gauntlet | Found a transporter.
 15815 | Gauntlet | Found a transporter.
 15823 | Gauntlet | Found a transporter.
 15844 | Gauntlet | Found a transporter.
 15856 | Gauntlet | Found a transporter.
 15869 | Gauntlet | Found a transporter.
 15882 | Gauntlet | Found a transporter.
 15957 | Gauntlet | Identified the amulet of Konurr {Faith Rampage}
 16034 | Gauntlet | Killed a quicksilver ooze
 16050 | Gauntlet | Reached skill level 19 in Axes
 16274 | D:11     | Found Jiabeeb's Weapon Shoppe.
 16407 | D:11     | Found a staircase to the Orcish Mines.
 16561 | Orc:1    | Entered Level 1 of the Orcish Mines
 16741 | Orc:1    | Found a roughly hewn altar of Beogh.
 16742 | Orc:1    | Noticed Maurice
 16754 | Orc:1    | Killed Maurice
 16815 | Orc:1    | Found Emaemeta's Book Boutique.
 16971 | Orc:2    | Entered Level 2 of the Orcish Mines
 17099 | Orc:2    | Reached XP level 15. HP: 139/139 MP: 15/15
 17102 | Orc:2    | Found a roughly hewn altar of Beogh.
 17167 | Orc:2    | Gained mutation: You are frail. (-10% HP) [a neqoxec]
 17170 | Orc:2    | Gained mutation: You are dopey. (Int -2) [a neqoxec]
 17172 | Orc:2    | Gained mutation: You are very dopey. (Int -4) [a neqoxec]
 17186 | Orc:2    | Noticed an orc warlord
 17205 | Orc:2    | Killed an orc warlord
 17215 | Orc:2    | Paralysed by an orc sorcerer for 2 turns
 17315 | Orc:2    | Found a roughly hewn altar of Beogh.
 17465 | Orc:2    | Noticed an orc warlord
 17479 | Orc:2    | Killed an orc warlord
 17480 | Orc:2    | Reached skill level 15 in Fighting
 17488 | Orc:2    | Noticed an orc warlord
 17512 | Orc:2    | Killed an orc warlord
 17632 | Orc:2    | Found a staircase to the Elven Halls.
 17674 | Orc:2    | Found a roughly hewn altar of Beogh.
 17675 | Orc:2    | Found Nastokeg's Jewellery Shoppe.
 17746 | Orc:2    | Identified the +1 plate armour "Hyrhed" {rC+ Stlth+}
 17971 | Orc:2    | Found a roughly hewn altar of Beogh.
 17984 | Orc:2    | Found a roughly hewn altar of Beogh.
 18011 | Orc:2    | Found Gapuih's Armour Emporium.
 18016 | Orc:2    | Bought a scarf of resistance for 384 gold pieces
 18063 | Orc:2    | Found Puixygu Gatu's Antique Weapon Boutique.
 18070 | Orc:2    | Found a roughly hewn altar of Beogh.
 18071 | Orc:2    | Found Pukhlail's Antique Armour Shop.
 18731 | D:12     | Found a basalt altar of Yredelemnul.
 18922 | D:12     | Noticed Gastronok
 18942 | D:12     | Killed Gastronok
 19054 | D:12     | Noticed Fannar
 19067 | D:12     | Killed Fannar
 19144 | D:12     | Reached skill level 20 in Axes
 19188 | D:12     | Found a runed translucent door.
 19188 | D:12     | Noticed enotiy's ghost (journeyman MiFi)
 19188 | D:12     | Identified the +3 trident "Bezxitt" {vorpal, *Noise Fly rF+
                  | Dex+3}
 19205 | D:12     | Killed enotiy's ghost
 19753 | D:13     | Found a gate to the Vaults.
 19763 | D:13     | Identified the -2 hat of Wu Jian's Benevolence {Fly}
 20024 | D:13     | Reached skill level 15 in Shields
 20038 | D:13     | Reached XP level 16. HP: 135/135 MP: 16/16
 20507 | D:13     | Found Byulamm's Pet Rocks.
 20593 | D:14     | Reached skill level 21 in Axes
 20783 | D:14     | Found a blossoming altar of Fedhas.
 20955 | D:14     | Found a frozen archway.
 20962 | IceCv    | Entered an ice cave
 21683 | D:15     | Entered Level 15 of the Dungeon
 21825 | D:15     | Identified the ring of Ruafeakh {rF+ Str+3}
 21921 | D:15     | Slain by a skeletal warrior

Illustrated notes

Levels and vault maps discovered:
D:1:      eino_arrival_druids_welcome, layout_basic, serial_bayou_lake_a
D:2:      layout_loops_corners, basic_altar, serial_rivers,
          chequers_serial_rivers_large_b, chequers_serial_rivers_room_b,
          chequers_serial_rivers_small_a, chequers_serial_rivers_small_a,
          chequers_serial_rivers_room_a, minmay_hexomino_r4
D:3:      layout_loops_ring, led_xom_imps, dreamdust_ecumenical_altar_statues,
          serial_rivers, chequers_serial_rivers_micro_b,
          chequers_serial_rivers_small_b, chequers_serial_rivers_room_a,
          chequers_serial_rivers_large_a, chequers_serial_rivers_marsh
D:4:      layout_loops_cross, kennysheep_slug_shrine, marbit_many_paths,
          uniq_grinder
D:5:      layout_basic, nicolae_wu_jian_wuxing_cycle, minitemple, serial_glass,
          glass_columns_a, glass_columns_a, glass_columns_a, glass_columns_c,
          nicolae_stop_n_shop_2, serial_park_tiny_1
D:6:      layout_loops_ring, serial_demonic, serial_demonic_c, serial_demonic_f,
          serial_demonic_e, serial_demonic_c, nicolae_shop_gadgets,
          uniq_menkaure
D:7:      layout_gridville, makhleb_altar_promises_db,
          minmay_temple_entry_statues_fountains, enter_bailey_5
D:8:      layout_loops_cross, lair_entry_dummy, minmay_shop_damaged,
          chequers_serial_rivers_small_a, grunt_ministairs_13,
          wad_floor_pattern_untrapped, kennysheep_windowed_goal
D:9:      layout_cave_pods, mainiacjoe_overflow_tiny_flanked,
          nicolae_tso_swordbearing_angel, uniq_psyche
D:10:     layout_irregular_city, mainiacjoe_overflow_boulevard
D:11:     layout_roguey, minmay_orc_entry_guard_dogs, serial_shops,
          nicolae_stop_n_shop_2, gauntlet_entry_generic,
          nicolae_concentric_dashed_squares_mild
D:12:     layout_gridville, ebering_ghost_funeral_grove, minivault_14,
          nicolae_yredelemnul_corpse_copse, uniq_gastronok, uniq_fannar
D:13:     nzn_winding_woodlands_small [nzn_winding_woodlands_5x15_cabin,
          nzn_winding_woodlands_center_pierced_h,
          nzn_winding_woodlands_5x15_concentric], layout_gridville,
          david_vaults_1, guppyfry_shop_earth
D:14:     layout_cave_pools, fedhas_altar_fruit_tree,
          portal_ice_cave_entry_dragon, minmay_bent
D:15:     gammafunk_depths_entry_grave, layout_rooms,
          hangedman_abyss_or_decor_lesser_grid, minivault_10
Lair:1:   layout_long_grid, special_room [special_room_bee], lemuel_oklob_altar
Lair:2:   layout_regular_city, minmay_snake_entry_guardpost_small,
          dreamdust_wasp_nest, lemuel_fruit_tree
Lair:3:   layout_cave_pods, shoals_dummy_entry, st_stairs_7
Lair:4:   hellmonk_destroyed_diamonds, layout_cave_pods
Lair:5:   hellmonk_lair_end_abyssal_woods, layout_misc_corridors, slime_entry_2
Orc:1:    layout_diamond_mine, serial_shops, nicolae_square_shop, mines2_david,
          uniq_maurice
Orc:2:    grunt_orc_community_town_hall, layout_caves,
          grunt_orc_community_big_house_2, grunt_orc_community_big_house_1,
          grunt_orc_community_house_2, grunt_orc_community_house_1,
          grunt_orc_community_house_3, grunt_orc_community_house_3,
          grunt_orc_community_house_2, minmay_orc_treasury

Skill      XL: |  1  2  3  4  5  6  7  8  9 10 11 12 13 14 15 16 |
---------------+-------------------------------------------------+-----
Axes           | 3 4 5 6 8 9 12 14 16 17 18 19 20 21 | 21.2
Fighting       | 4 5 7 8 10 11 13 14 15 16 | 16.5
Armour         | 4 5 6 7 8 9 10 11 13 14 | 14.2
Short Blades   | 1 |  1.3
Shields        | 4 5 6 7 8 10 12 13 15 16 | 16.1
Dodging        | 1 2 3 |  3.7
Throwing       | 1 |  1.0
Maces & Flails | 2 |  2.3
Evocations     | 1 2 3 |  3.2
Stealth        | 1 |  1.9

Action                   |  1- 3 |  4- 6 |  7- 9 | 10-12 | 13-15 | 16-18 || total
-------------------------+-------+-------+-------+-------+-------+-------++-------
Melee: War axe           |    77 |   124 |   203 |   459 |  1108 |   204 ||  2175
       Short sword       |    38 |    29 |       |       |       |       ||    67
       Flail             |       |       |       |    17 |       |       ||    17
Throw: Boomerang         |       |       |     4 |       |       |       ||     4
Evoke: Wand              |       |       |     1 |     4 |    18 |       ||    23
       Lightning rod     |       |       |       |       |     5 |       ||     5
  Use: Scroll            |     5 |     7 |     5 |     9 |    14 |     1 ||    41
       Potion            |       |     1 |     4 |     3 |     5 |     5 ||    18
Armor: Scale mail        |    46 |     1 |       |       |       |       ||    47
       Chain mail        |       |    53 |    31 |       |       |       ||    84
       Plate armour      |       |       |    28 |   149 |   264 |    96 ||   537
Dodge: Dodged            |    53 |    85 |   112 |   241 |   323 |    89 ||   903
       Repelled          |       |       |       |     2 |     4 |     1 ||     7
Block: Buckler           |    18 |    35 |    76 |   232 |   205 |       ||   566
       Kite shield       |       |       |       |       |   678 |   211 ||   889
